 Dungeon Crawl Stone Soup version 0.29-a0-520-gc852659d43 (webtiles) character file.

Game seed: 3552322109543283990

2578 Bruhh the Ogre Mage (level 9, -6/74 HPs)
             Began as an Ogre Air Elementalist on May 31, 2022.
             Killed from afar by a white imp (10 damage)
             ... with a puff of frost
             ... on level 7 of the Dungeon.
             The game lasted 00:11:58 (9756 turns).

Bruhh the Ogre Mage (Ogre Air Elementalist)         Turns: 9756, Time: 00:12:02

Health: -6/74      AC:  3    Str: 14    XL:     9   Next: 57%
Magic:  6/21       EV:  9    Int: 20    God:
Gold:   360        SH:  0    Dex:  9    Spells: 5/24 levels left

rFire   . . .      SeeInvis .   l - +2 mace (protect)
rCold   . . .      Faith    .   (no shield)
rNeg    . . .      Spirit   .   a - +0 robe
rPois   .          Reflect  .   (helmet restricted)
rElec   .          Harm     .   (no cloak)
rCorr   .          Rampage  .   (gloves unavailable)
Will    .....                   (boots unavailable)
Stlth   +.........              (no amulet)
HPRegen 0.22/turn               (no ring)
MPRegen 0.17/turn               (no ring)

@: very slightly contaminated
A: large, unfitting armour, tough skin 1
a: no special abilities


You were on level 7 of the Dungeon.
You visited 1 branch of the dungeon, and saw 7 of its levels.

You collected 360 gold pieces.

Inventory:

Hand Weapons
 h - a +0 dagger of protection
 l - a +2 mace of protection (weapon)
Missiles
 e - a throwing net
Armour
 a - a +0 robe (worn)
Magical Staves
 f - a staff of cold
Jewellery
 d - a ring of willpower
Wands
 o - a wand of paralysis (8)
Scrolls
 c - 4 scrolls of magic mapping
 j - a scroll of enchant weapon
 m - 3 scrolls of vulnerability
 n - a scroll of poison
 s - a scroll of noise
 t - a scroll of teleportation {unknown}
 u - a scroll of summoning
Potions
 b - 4 potions of magic
 g - a potion of haste
 i - a potion of mutation {unknown}
 k - 2 potions of brilliance
 p - 2 potions of lignification
 q - a potion of curing
 r - a potion of resistance {unknown}


   Skills:
 - Level 1.7 Dodging
 - Level 1.4 Stealth
 + Level 8.1 Spellcasting
 - Level 6.0 Conjurations
 + Level 8.1 Air Magic


You had 5 spell levels left.
You knew the following spells:

 Your Spells              Type           Power      Damage    Failure   Level
a - Shock                 Conj/Air       100%       1d9       1%          1
b - Static Discharge      Conj/Air       36%        N/A       1%          2
c - Swiftness             Air            40%        N/A       1%          3
d - Airstrike             Air            20%        N/A       3%          4
e - Lightning Bolt        Conj/Air       18%        1d32      13%         5
f - Summon Lightning Spi  Summ/Air       24%        N/A       16%         4

Your spell library contained the following spells:

 Spells                   Type           Power      Damage    Failure   Level
 Portal Projectile        Hex/Tloc       16%        N/A       26%         3
 Tukima's Dance           Hex            8%         N/A       26%         3
 Leda's Liquefaction      Hex/Erth       4%         N/A       63%         4
 Blade Hands              Tmut           4%         N/A       93%         5
 Lee's Rapid Deconstruct  Erth           4%         3d6*      93%         5
 Statue Form              Tmut/Erth      5%         N/A       100%        6


Dungeon Overview and Level Annotations

Branches:
Dungeon (7/15)
 Temple: D:4-7

Altars:
Elyvilon

Shops:
D:3 [


Innate Abilities, Weirdness & Mutations

You are too large for most types of armour.
You have tough skin. (AC +1)


Message History

You feel very sick.
You feel very sick.
You see here a necrophage corpse.
A white imp comes into view.
You feel sick.
You feel sick.
You feel sick.
You feel sick.
The white imp shouts!
You feel sick.
The white imp summons a swarm of flies.
You are too injured to fight recklessly!
You are too injured to fight recklessly!
Casting: Static Discharge (safe; 1% risk of failure)
Confirm with . or Enter, or press ? or * to list all spells.
Aiming: Lightning Bolt (dangerous; 13% risk of failure)
Press: ? - help, Shift-Dir - straight line, f - white imp
Aim: a white imp (59% to hit)
You miscast Lightning Bolt.
You are very lightly contaminated with residual magic.
Sparks of electricity dance around you!
* * * LOW HITPOINT WARNING * * *
You feel sick. The white imp gestures at you. The puff of frost hits you!
* * * LOW HITPOINT WARNING * * *
Casting: Lightning Bolt (dangerous; 13% risk of failure)
Confirm with . or Enter, or press ? or * to list all spells.
Okay, then.
You feel better.
Casting: Lightning Bolt (dangerous; 13% risk of failure)
Confirm with . or Enter, or press ? or * to list all spells.
Aiming: Lightning Bolt (dangerous; 13% risk of failure)
Press: ? - help, Shift-Dir - straight line, f/p - white imp
Aim: a white imp (59% to hit)
You miscast Lightning Bolt.
You are blasted with air!
* * * LOW HITPOINT WARNING * * *
The white imp gestures at you. The puff of frost hits you!
You die...

##.## #. .. ...
.. ##.# #.#
.###
.....##<##.....
#.......#
####.#### #.#
####5###
#...@..#
#.##.#.#
#.##.#.#
#....#.#
#.†###.#
#..###.#
#......#
#...†.###
#.#.#.#


You could see a white imp.

Vanquished Creatures
  Prince Ribbit (D:6)
  Sigmund (D:3)
  Menkaure (D:4)
  2 water moccasins (D:6)
  An orc warrior (D:6)
  A sky beast (D:6)
  4 ogres
  A phantom (D:6)
  A centaur (D:5)
  A kobold brigand (D:5)
  2 necrophages
  2 scorpions
  A killer bee (D:7)
  2 hounds
  A jelly (D:5)
  5 orc priests
  5 iguanas
  6 orc wizards
  Natasha (thrice) (D:3)
  Robin (D:2)
  14 adders
  A shadow imp (D:5)
  A worm (D:2)
  2 dart slugs (D:3)
  29 orcs
  A ball python (D:3)
  6 bats
  7 endoplasms
  A giant cockroach (D:1)
  20 goblins
  5 hobgoblins
  3 quokkas
  8 frilled lizards
  6 kobolds
  9 rats
155 creatures vanquished.

Vanquished Creatures (others)
  27 plants
27 creatures vanquished.

Grand Total: 182 creatures vanquished

Notes
Turn   | Place    | Note
-------+----------+-------------------------------------------
     0 | D:1      | Bruhh the Ogre Air Elementalist began the quest for the
                  | Orb.
     0 | D:1      | Reached XP level 1. HP: 16/16 MP: 3/3
   312 | D:1      | Found a faded altar of an unknown god.
   460 | D:1      | Reached XP level 2. HP: 24/24 MP: 4/6
  1235 | D:2      | Reached XP level 3. HP: 31/31 MP: 4/8
  1323 | D:2      | Reached skill level 1 in Conjurations
  1326 | D:2      | Learned a level 2 spell: Static Discharge
  1521 | D:2      | Identified the +0 helmet of Fedhas, Breathing {rF+ Dex+4}
  1521 | D:2      | Noticed Robin
  1602 | D:2      | Killed Robin
  1642 | D:2      | Reached XP level 4. HP: 39/39 MP: 6/10
  2594 | D:3      | Noticed Natasha
  2599 | D:3      | Killed Natasha
  2600 | D:3      | Reached XP level 5. HP: 36/45 MP: 5/11
  2695 | D:3      | Noticed Natasha
  2699 | D:3      | Killed Natasha
  3109 | D:3      | Noticed Natasha
  3114 | D:3      | Noticed Sigmund
  3566 | D:3      | Found Pufonel's Antique Armour Boutique.
  3889 | D:3      | Reached XP level 6. HP: 29/53 MP: 4/12
  3969 | D:3      | Killed Natasha
  3988 | D:2      | Learned a level 3 spell: Swiftness
  4244 | D:3      | Killed Sigmund
  4446 | D:3      | Reached skill level 5 in Spellcasting
  4446 | D:3      | Reached XP level 7. HP: 26/59 MP: 6/14
  5495 | D:4      | Reached skill level 5 in Air Magic
  5533 | D:4      | Noticed Menkaure
  5557 | D:4      | Killed Menkaure
  5976 | D:5      | Entered Level 5 of the Dungeon
  6189 | D:5      | Learned a level 4 spell: Airstrike
  6231 | D:5      | Reached XP level 8. HP: 53/67 MP: 11/18
  6635 | D:5      | Found a white marble altar of Elyvilon.
  7979 | D:6      | Reached XP level 9. HP: 38/74 MP: 14/21
  8967 | D:6      | Reached skill level 5 in Conjurations
  9427 | D:6      | Noticed Prince Ribbit
  9434 | D:6      | Killed Prince Ribbit
  9441 | D:6      | Learned a level 5 spell: Lightning Bolt
  9689 | D:7      | Learned a level 4 spell: Summon Lightning Spire
  9756 | D:7      | Killed from afar by a white imp

Illustrated notes

Levels and vault maps discovered:
D:1:      amcnicky_arrival_feature_with_door, layout_loops_ring,
          dreamdust_ecumenical_altar_grove
D:2:      layout_loops_ring, uniq_robin
D:3:      layout_loops_ring, serial_shops, nicolae_shop_statue_plus,
          serial_bayou_pond_d, grunt_ministairs_10, serial_bayou_lagoon_b,
          uniq_natasha, uniq_sigmund
D:4:      layout_basic, serial_glass, glass_columns_c, glass_columns_a,
          glass_columns_c, glass_columns_b, glass_columns_b, glass_columns_b,
          glass_columns_a, glass_columns_b, uniq_menkaure
D:5:      layout_basic, mainiacjoe_overflow_alcove_4, portal_sewer_entry_d,
          minmay_misc_feat_enclosed, lexackson_kobold_supper
D:6:      layout_loops_ring, uniq_prince_ribbit1
D:7:      layout_loops_cross, minmay_temple_entry_mist, serial_shops, shop,
          minmay_misc_feat_chi, nicolae_shop_unique_rings, uniq_maggie,
          uniq_duvessa

Skill      XL: |  1  2  3  4  5  6  7  8  9 |
---------------+----------------------------+-----
Spellcasting   | 3 4 5 6 8 |  8.1
Conjurations   | 2 3 4 6 |  6.0
Air Magic      | 3 4 5 7 8 |  8.1
Dodging        | |  1.7
Stealth        | |  1.4

Action                   |  1- 3 |  4- 6 |  7- 9 || total
-------------------------+-------+-------+-------++-------
Melee: Unarmed           |     4 |       |       ||     4
       Dagger            |    17 |    19 |    18 ||    54
       Staff             |     4 |       |       ||     4
       Punch             |       |     2 |       ||     2
       Mace              |       |       |     5 ||     5
 Cast: Shock             |    68 |   118 |   164 ||   350
       Static Discharge  |       |     5 |    36 ||    41
       Airstrike         |       |       |     8 ||     8
  Use: Scroll            |       |     4 |     4 ||     8
       Potion            |       |     4 |     3 ||     7
 Stab: Sleeping          |     1 |       |       ||     1
Armor: Robe              |    17 |    25 |    20 ||    62
Dodge: Dodged            |    27 |    25 |    31 ||    83

Table legend: (Time is in decaauts)
 A = Elapsed time spent in this place.
 B = Non-inter-level travel time spent in this place.
 C = Inter-level travel time spent in this place.
 D = Time resting spent in this place.
 E = Time spent auto-exploring this place.
 F = Levels seen in this place.
 G = Mean time per level.
                   A        B        C        D        E       F      G
               +--------+--------+--------+--------+--------+-----+--------+
         Total |   9769 |   9531 |    238 |    929 |   7607 |   7 | 1395.6 |
       Dungeon |   9769 |   9531 |    238 |    929 |   7607 |   7 | 1395.6 |
               +--------+--------+--------+--------+--------+-----+--------+

Top non-repeatable levels by time:
     D:3: 2287 daAuts
     D:6: 2081 daAuts
     D:5: 1629 daAuts
     D:2: 1568 daAuts
     D:1: 1184 daAuts
     D:4: 944 daAuts
     D:7: 73 daAuts
